AoeStats
← [00]

Arabia

509944892Analyzed
2v2 RM · 4d ago on Sep 28, 2026· 20m 31s· 4 players
Game mode
Random Map
Map size
Medium (4 player)
Population
200
Speed
Normal
Resources
Standard
Victory
Conquest
Starting age
Dark Age
Ending age
Imperial Age
RankedLock teamsTeams togetherTeam positionsShared explorationLock speedFull tech treeHidden civsTurbo modeCheats
Victory
Defeat
🇨🇭 Ethiopians · Switzerland
1331
+17
🇩🇪 Magyars · Germany
1331
+17
🇨🇴 Khitans · Colombia
1354
-17
🇨🇴 Vietnamese · Colombia
1342
-17
#v0dk4
6:30 Loom
8:55 Feudal Age
17:08 Double-Bit Axe
18:34 Fletching
[00]
6:31 Loom
8:56 Feudal Age
9:51 Double-Bit Axe
14:48 Scale Barding Armor
16:16 Horse Collar
22:19 Castle Age
20:36 Gold Mining
21:19 Bloodlines
Camo
6:34 Loom
9:16 Feudal Age
10:09 Double-Bit Axe
15:26 Wheelbarrow
15:11 Forging
17:09 Domestication
19:27 Scale Barding Armor
Onifasio Salavarrieta
6:41 Loom
9:16 Feudal Age
10:33 Wheelbarrow
9:44 Double-Bit Axe
13:08 Horse Collar
Connection lost

Rejoining the realm…

Still unreachable

The connection could not be restored.

Session expired

The server has moved on; the page needs a fresh start.